 Dungeon Crawl Stone Soup version 0.27.1-34-g3ba077fa99 (webtiles) character file.

Game seed: 9903048164298561960

1318 forever1922 the Conjurer (level 8, -21/60 HPs)
             Began as a Demonspawn Conjurer on Jan 14, 2022.
             Was an Initiate of Vehumet.
             Demolished by Duvessa (23 damage)
             ... on level 5 of the Dungeon.
             The game lasted 00:07:07 (5047 turns).

forever1922 the Conjurer (Demonspawn Conjurer)      Turns: 5047, Time: 00:07:08

Health: -21/60     AC:  5    Str:  8    XL:     8   Next: 33%
Magic:  10/14      EV: 13    Int: 22    God:    Vehumet [......]
Gold:   207        SH:  0    Dex: 11    Spells: 8/15 levels left

rFire    + . .     SeeInvis .   b - +0 long sword
rCold    + . .     Faith    .   (no shield)
rNeg     . . .     Spirit   .   l - +2 robe {rC+ rF+}
rPois    .         Reflect  .   (no helmet)
rElec    .         Harm     .   (no cloak)
rCorr    .         Rampage  .   s - +0 pair of gloves
Will     .....                  (no boots)
Stlth    ++........             o - amulet of regeneration
HPRegen  1.20/turn              (no ring)
MPRegen  0.14/turn              (no ring)

@: very slightly contaminated
A: powered by death 2, powered by pain 2
a: Renounce Religion


You were on level 5 of the Dungeon.
You worshipped Vehumet.
Vehumet was noncommittal.
You visited 1 branch of the dungeon, and saw 5 of its levels.

You collected 207 gold pieces.

Inventory:

Hand Weapons
 b - a +0 long sword (weapon)
Armour
 a - a +0 robe
 l - a +2 robe of resistance (worn)
 s - a +0 pair of gloves (worn)
 t - a +0 buckler
Magical Staves
 j - a staff of cold
Jewellery
 o - an amulet of regeneration (around neck)
Wands
 r - a wand of flame (36)
Scrolls
 c - a scroll of enchant weapon {unknown}
 e - a scroll of brand weapon {unknown}
 f - 6 scrolls of identify {unknown}
 i - 5 scrolls of teleportation {unknown}
 k - 6 scrolls of noise {unknown}
 m - a scroll of fear {unknown}
 n - a scroll of immolation {unknown}
 p - a scroll of amnesia {unknown}
 q - a scroll of acquirement {unknown}
Potions
 d - 3 potions of curing
 g - a potion of flight {unknown}
 h - a potion of degeneration {unknown}


   Skills:
 - Level 4.0 Fighting
 + Level 3.7 Armour
 + Level 4.2 Dodging
 - Level 1.7 Stealth
 + Level 4.3 Spellcasting
 + Level 6.7 Conjurations


You had 8 spell levels left.
You knew the following spells:

 Your Spells              Type           Power      Damage    Failure   Level
a - Magic Dart            Conj           100%       1d8       1%          1
f - Iskenderun's Mystic   Conj/Tloc      19%        2d6       26%         4
s - Searing Ray           Conj           68%        3d5       1%          2

Your spell library contained the following spells:

 Spells                   Type           Power      Damage    Failure   Level
 Dazzling Flash           Conj/Hex       38%        N/A       9%          3
 Fulminant Prism          Conj/Hex       9%         3d7       26%         4


Dungeon Overview and Level Annotations

Branches:
Dungeon (5/15)
 Temple: D:4-7

Altars:
Fedhas
Hepliaklqana
Makhleb
Qazlal
Sif Muna
Vehumet

Shops:
D:5 *

Annotations:
D:5 Duvessa


Innate Abilities, Weirdness & Mutations

You regenerate health from kills.
You sometimes gain power by taking damage.


Message History

Vehumet accepts your kill.
Duvessa weeps, then rights herself and shakes her weapon.
Duvessa goes berserk!
Duvessa completely misses you.
The searing ray hits Duvessa but does no damage.
Duvessa is severely wounded.
You finish channeling your searing ray.
Duvessa hits you with a +8 rapier of protection!
Casting: Searing Ray (safe; 1% risk of failure)
Confirm with . or Enter, or press ? or * to list all spells.
The spell is quite dangerous to cast (26% risk of failure)!
Continue anyway?
You miscast Iskenderun's Mystic Blast.
You are very lightly contaminated with residual magic.
Sparks fly from your hands!
Duvessa hits you with a +8 rapier of protection! x2
* * * LOW HITPOINT WARNING * * *
You focus on the pain.
You feel your power returning.
Unknown command.
Okay, then.
Casting: Iskenderun's Mystic Blast (quite dangerous; 26% risk of failure)
Confirm with . or Enter, or press ? or * to list all spells.
The spell is quite dangerous to cast (26% risk of failure)!
Continue anyway?
You erupt in a blast of force!
The mystic blast hits Duvessa!
Duvessa is almost dead.
Duvessa is knocked back by the mystic blast.
Duvessa slams into the rock wall!
Casting: Iskenderun's Mystic Blast (quite dangerous; 26% risk of failure)
Confirm with . or Enter, or press ? or * to list all spells.
The spell is quite dangerous to cast (26% risk of failure)!
Continue anyway?
You miscast Iskenderun's Mystic Blast.
Nothing appears to happen.
Duvessa hits you with a +8 rapier of protection!
* * * LOW HITPOINT WARNING * * *
You focus on the pain.
You feel your power returning.
Casting: Iskenderun's Mystic Blast (quite dangerous; 26% risk of failure)
Confirm with . or Enter, or press ? or * to list all spells.
The spell is quite dangerous to cast (26% risk of failure)!
Continue anyway?
You erupt in a blast of force!
The mystic blast hits Duvessa but does no damage.
Duvessa is almost dead.
Duvessa hits you with a +8 rapier of protection!!
You die...

#.............. .............
#........###### ##.##........
#.........########...........
#...........≈≈≈..............
#........#.≈≈≈≈≈.............
#........#...∩≈≈#............
##.....<..##≈≈≈≈≈##.. ........
#.......#####≈≈≈....##........
#.......###.e@...#####........
#..)....##).#.########........
#..........##...(....#......>.
#.......^.###.................
#.......#.##.........#........
#............[.....)))........
#.......#.#.........(#.....)..
#.......#.#.#........#........
#.......#...#................#


You could see Duvessa (berserk).

Vanquished Creatures
  Grinder (D:3)
  A wraith (D:5)
  A necrophage (D:5)
  A black bear (D:4)
  An ogre (D:4)
  A phantom (D:3)
  A scorpion (D:4)
  Dowan (D:5)
  4 hounds
  A centaur skeleton (D:5)
  2 bullfrog skeletons (D:5)
  Jessica (D:2)
  2 iguanas (D:5)
  A hound zombie (D:5)
  2 hound skeletons
  8 gnolls
  4 adders
  An ufetubus (D:5)
  2 worms
  3 dart slugs
  10 orcs
  4 endoplasms
  6 giant cockroaches
  7 goblins
  12 hobgoblins
  7 jackals
  8 kobolds
  3 quokkas
  7 ball pythons
  3 bats
  A frilled lizard (D:2)
  5 rats
  A spectral goblin (D:3)
113 creatures vanquished.

Notes
Turn   | Place    | Note
-------+----------+-------------------------------------------
     0 | D:1      | forever1922 the Demonspawn Conjurer began the quest for the
                  | Orb.
     0 | D:1      | Reached XP level 1. HP: 13/13 MP: 3/3
   121 | D:1      | Reached skill level 1 in Fighting
   123 | D:1      | Gained mutation: You regenerate a little health from kills.
                  | [demonic ancestry]
   123 | D:1      | Reached XP level 2. HP: 16/21 MP: 0/5
  1237 | D:2      | Learned a level 2 spell: Searing Ray
  1246 | D:2      | Reached XP level 3. HP: 27/27 MP: 3/6
  1630 | D:2      | Noticed Jessica
  1680 | D:2      | Killed Jessica
  1681 | D:2      | Gained mutation: You sometimes gain a little power by
                  | taking damage. [demonic ancestry]
  1681 | D:2      | Reached XP level 4. HP: 34/34 MP: 3/7
  1890 | D:2      | Learned a level 4 spell: Iskenderun's Mystic Blast
  1954 | D:2      | Reached skill level 5 in Conjurations
  2178 | D:3      | Found a faded altar of an unknown god.
  2461 | D:3      | Noticed a phantom
  2472 | D:3      | Killed a phantom
  2473 | D:3      | Reached skill level 1 in Armour
  2473 | D:3      | Reached XP level 5. HP: 38/41 MP: 0/8
  2870 | D:3      | Noticed Grinder
  2876 | D:3      | Paralysed by Grinder for 7 turns
  2893 | D:3      | Killed Grinder
  2894 | D:3      | Gained mutation: You regenerate health from kills. [demonic
                  | ancestry]
  2894 | D:3      | Reached XP level 6. HP: 39/47 MP: 0/10
  3509 | D:4      | Gained mutation: You sometimes gain power by taking damage.
                  | [demonic ancestry]
  3509 | D:4      | Reached XP level 7. HP: 53/53 MP: 6/11
  3933 | D:4      | Reached skill level 6 in Conjurations
  4050 | D:4      | Found a stormy altar of Qazlal.
  4301 | D:5      | Entered Level 5 of the Dungeon
  4456 | D:5      | Found a radiant altar of Vehumet.
  4463 | D:5      | Noticed a wraith
  4480 | D:5      | Killed a wraith
  4481 | D:5      | Reached XP level 8. HP: 60/60 MP: 1/14
  4491 | D:5      | Became a worshipper of Vehumet
  4611 | D:5      | Found Aluthus's General Store.
  4736 | D:5      | Noticed Duvessa
  4749 | D:5      | Noticed Dowan
  4794 | D:5      | Found a blossoming altar of Fedhas.
  4843 | D:5      | Found a hazy altar of Hepliaklqana.
  4843 | D:5      | Found a faded altar of an unknown god.
  4851 | D:5      | Found a faded altar of an unknown god.
  4853 | D:5      | Found a burning altar of Makhleb.
  4855 | D:5      | Found a shimmering blue altar of Sif Muna.
  5042 | D:5      | Killed Dowan
  5046 | D:5      | HP: 1/60 [Duvessa (11)]
  5047 | D:5      | Demolished by Duvessa

Illustrated notes

Levels and vault maps discovered:
D:1:      psy_arrival_radial01, layout_basic, minivault_5
D:2:      layout_basic, uniq_jessica
D:3:      layout_basic, serial_curves, eino_curves_03, eino_curves_04,
          dreamdust_ecumenical_altar_drowned_temple, kennysheep_generic_room_15,
          uniq_grinder
D:4:      layout_cave_pools, grunt_qazlal_clouds
D:5:      layout_rooms, chequers_temple_overflow_minitemple, kennysheep_mini,
          vehumet_altar_wand_db, serial_shops, nicolae_shop_waterfront,
          uniq_duvessa

Skill      XL: |  1  2  3  4  5  6  7  8 |
---------------+-------------------------+-----
Fighting       | 1 2 3 4 |  4.0
Conjurations   | 5 6 |  6.7
Armour         | 1 2 3 |  3.7
Dodging        | 2 3 4 |  4.2
Spellcasting   | 3 4 |  4.3
Stealth        | |  1.7

Action                   |  1- 3 |  4- 6 |  7- 9 || total
-------------------------+-------+-------+-------++-------
Melee: Long sword        |    19 |    22 |    25 ||    66
 Cast: Magic Dart        |    42 |    51 |     8 ||   101
       Searing Ray       |     4 |    11 |    21 ||    36
       Iskenderun's Myst |       |       |     3 ||     3
  Use: Potion            |       |     1 |       ||     1
Armor: Robe              |     4 |    12 |    22 ||    38
Dodge: Dodged            |    20 |    21 |    38 ||    79
       Rpst.: Long sword |     4 |     7 |    14 ||    25
